Map: Ever Dream LE

Players

MarineLorD - Winner!

  • Race: Terran Terran
  • League: Master
  • Spawn Location: 1:00

uwuThermal (uThermal)

  • Race: Terran Terran
  • League: Grandmaster
  • Spawn Location: 7:00

Event: DreamHack SC2 Masters 2020 Fall

VOD

Have the link to the VOD?

Description

Time

  • Played on: Aug. 29, 2020, 11:10 a.m.
  • Length: 8:38

All games in this series

Show
View Real Time Build Order
Export as new Build Order

MarineLorD Terran - Winner!

Build Orders: Reaper Expand 

Get SALT Encoding   

  12  0:00  SCV  
  13  0:12  SCV  
  14  0:16  Supply Depot  
  14  0:24  SCV  
  15  0:38  SCV  
  15  0:39  Barracks  
  16  0:42  Refinery  
  16  0:50  SCV  
  17  1:02  SCV  
  18  1:14  SCV  
  19  1:27  Reaper, Orbital Command  
  20  1:42  Command Center  
  20  1:50  Supply Depot  
  20  1:52  SCV  
  21  1:59  Marine  
  22  2:05  Factory  
  22  2:08  SCV  
  23  2:14  Refinery  
  23  2:16  Marine  
  23  2:20  SCV  
  25  2:31  Bunker  
  25  2:32  SCV  
  25  2:34  Marine  
  27  2:44  SCV  
  27  2:49  Starport, Factory Tech Lab  
  28  2:53  Orbital Command  
  28  2:55  Barracks Reactor  
  28  3:01  SCV  
  29  3:12  Refinery  
  29  3:13  SCV  
  29  3:18  Siege Tank  
  33  3:20  SCV  
  33  3:26  SCV  
  35  3:31  Viking  
  35  3:32  Marine x2  
  38  3:34  SCV  
  38  3:38  SCV  
  38  3:39  Supply Depot  
  40  3:46  SCV  
  41  3:49  Marine  
  41  3:50  SCV, Marine  
  44  3:56  Supply Depot  
  44  3:58  SCV  
  44  4:01  Cyclone  
  44  4:02  Starport Tech Lab  
  48  4:09  SCV  
  47  4:10  SCV  
  47  4:16  Marine  
  42  4:21  SCV  
  42  4:23  SCV  
  43  4:33  SCV  
  43  4:35  SCV  
  45  4:39  Raven  
  45  4:43  Marine x2  
  49  4:46  SCV  
  49  4:48  SCV  
  49  4:51  Supply Depot  
  51  4:53  Siege Tank  
  51  4:58  SCV  
  55  5:00  SCV  
  55  5:01  Marine x2  
  58  5:10  SCV  
  58  5:12  SCV  
  60  5:16  Command Center  
  60  5:21  Supply Depot  
  60  5:22  SCV, Raven  
  60  5:24  SCV, Marine  
  60  5:25  Marine  
  66  5:34  Siege Tank  
  69  5:36  SCV  
  69  5:38  Supply Depot  
  69  5:39  Refinery  
  69  5:41  Supply Depot  
  70  5:43  SCV  
  70  5:45  Marine x2  
  70  5:48  SCV  
  74  5:55  SCV  
  75  6:00  SCV  
  78  6:06  Siege Tank  
  78  6:07  SCV  
  80  6:12  SCV  
  80  6:16  Viking x2  
  85  6:19  SCV  
  85  6:21  Stimpack, Marine  
  85  6:24  SCV  
  88  6:30  Barracks x2  
  88  6:31  SCV  
  89  6:33  Orbital Command  
  89  6:36  SCV  
  89  6:39  Marine, Siege Tank  
  94  6:43  SCV  
  94  6:46  Viking  
  94  6:47  Viking  
  99  6:49  SCV  
  99  6:52  Orbital Command  
  100  6:55  SCV  
  100  7:00  Engineering Bay, Marine  
  100  7:01  SCV, Engineering Bay  
  103  7:07  SCV  
  104  7:11  Siege Tank  
  104  7:13  SCV  
  108  7:18  SCV  
  108  7:20  Barracks Reactor  
  109  7:22  Barracks Tech Lab  
  109  7:24  Viking x2, Marine  
  109  7:28  SCV  
  115  7:37  SCV x2  
  117  7:38  Refinery x2  
  117  7:42  Marine x2  
  115  7:55  Viking, Supply Depot x2  
  117  8:06  Barracks x2  
  117  8:09  Marine  
  117  8:15  SCV  
  117  8:16  SCV x2, Marine x3  
Show
View Real Time Build Order
Export as new Build Order

uwuThermal Terran 

Build Orders: 1/1/1, Liberator Opening 

Get SALT Encoding   

  12  0:00  SCV  
  13  0:12  SCV  
  14  0:16  Supply Depot  
  14  0:24  SCV  
  14  0:27  Refinery  
  15  0:38  SCV  
  16  0:43  Barracks  
  16  0:50  SCV  
  16  0:53  Refinery  
  17  1:02  SCV  
  18  1:14  SCV  
  19  1:31  Reaper, Orbital Command  
  20  1:33  Factory  
  20  1:41  Supply Depot  
  20  1:56  SCV  
  21  2:03  Barracks Reactor  
  21  2:08  SCV  
  22  2:16  Hellion  
  22  2:17  Starport  
  22  2:20  SCV  
  25  2:26  Supply Depot  
  25  2:33  SCV  
  26  2:38  Hellion  
  26  2:39  Reaper  
  26  2:40  Reaper  
  30  2:49  Supply Depot  
  30  2:53  Liberator  
  33  2:59  Hellion  
  35  3:12  Reaper x2  
  37  3:21  Hellion  
  39  3:33  Command Center  
  39  3:36  SCV  
  39  3:37  Starport Tech Lab  
  40  3:44  Marine x2, Factory Tech Lab  
  40  3:48  SCV  
  43  3:51  Supply Depot  
  43  3:56  Raven  
  43  4:02  Marine x2  
  42  4:19  Siege Tank  
  42  4:20  Marine  
  42  4:21  SCV  
  42  4:23  Marine  
  48  4:24  Refinery  
  45  4:33  SCV  
  46  4:43  Marine x2  
  46  4:45  Orbital Command  
  48  4:46  SCV  
  48  4:51  Raven  
  51  4:58  SCV  
  52  5:00  Marine  
  52  5:04  Siege Tank  
  56  5:10  SCV x2  
  56  5:11  Marine  
  59  5:18  Marine  
  59  5:20  Supply Depot  
  60  5:22  SCV x2  
  60  5:27  Supply Depot  
  62  5:35  SCV  
  62  5:37  Siege Tank  
  62  5:40  SCV  
  67  5:45  Viking x2  
  72  5:50  SCV  
  72  5:52  SCV  
  73  6:02  SCV, Command Center  
  74  6:04  SCV  
  74  6:05  Marine  
  74  6:09  Siege Tank  
  79  6:15  Supply Depot  
  79  6:19  Viking  
  79  6:22  Viking  
  79  6:24  Marine  
  84  6:27  SCV x2  
  84  6:31  Supply Depot  
  86  6:34  Stimpack  
  86  6:38  Refinery  
  86  6:41  Siege Tank  
  88  6:47  SCV x2  
  88  6:49  Supply Depot  
  88  6:51  Viking  
  92  6:58  Viking  
  92  7:00  SCV  
  94  7:05  SCV, Marine  
  96  7:09  Supply Depot  
  96  7:10  Supply Depot  
  96  7:12  SCV  
  96  7:14  Siege Tank  
  100  7:20  SCV  
  101  7:25  Engineering Bay x2  
  101  7:30  SCV  
  101  7:33  SCV  
  101  7:35  Viking  
  103  7:42  SCV  
  103  7:43  Viking  
  106  7:45  SCV  
  106  7:46  Marine, Siege Tank  
  111  7:54  SCV  
  112  8:01  SCV  
  112  8:02  Barracks x2  
  111  8:08  SCV  
  112  8:18  SCV  
  113  8:22  SCV  

Tags
 
Add a new tag
Caveats
  • Supply blocks, unpowered buildings, or Contaminate may cause inaccurate times.
  • Supply counts are checked every 10 seconds.